 Dungeon Crawl Stone Soup version 0.17-a0-1914-gde4187c (webtiles) character file.

6001 Ijustatesigmund the Cleaver (level 10, -3/92 HPs)
             Began as a Hill Orc Fighter on Sept 26, 2015.
             Was a High Priest of Okawaru.
             Slain by a yak (4 damage)
             ... on level 9 of the Dungeon.
             The game lasted 00:24:10 (10032 turns).

Ijustatesigmund the Cleaver (Hill Orc Fighter)     Turns: 10032, Time: 00:24:10

Health: -3/92      AC: 10    Str: 25    XL:     10   Next: 85%
Magic:  20/25      EV: 10    Int:  8    God:    Okawaru [*****.]
Gold:   458        SH: 11    Dex: 16    Spells: 0 memorised, 9 levels left

rFire  . . .     SeeInvis .     a - +1 war axe
rCold  + . .     Clarity  .     b - +0 scale mail
rNeg   + + +     SustAt   .     c - +0 shield
rPois  .         Gourm    .     A - +0 helmet
rElec  .         Spirit   .     (no cloak)
rCorr  .         Warding  .     g - +0 pair of gloves "Bueceare" {*Drain +Blink rN+++ MP+9}
rMut   +         Stasis   .     (no boots)
MR     .....                    F - amulet of resist mutation
Stlth  ..........               u - ring of protection from cold
                                w - +3 ring of dexterity

@: mighty, finesse, not resistant to hostile enchantments, extremely unstealthy
A: hooves 1
a: Heroism, Finesse, Renounce Religion, Evoke Blink


You were on level 9 of the Dungeon.
You worshipped Okawaru.
Okawaru was extremely pleased with you.
You were not hungry.

You visited 1 branch of the dungeon, and saw 9 of its levels.
You also visited: Sewer.

You collected 497 gold pieces.
You spent 39 gold pieces at shops.

Inventory:

Hand weapons
 a - a +1 war axe (weapon)
Armour
 b - a +0 scale mail (worn)
 c - a +0 shield (worn)
 g - the +0 pair of gloves "Bueceare" (worn) {*Drain +Blink rN+++ MP+9}
   (Okawaru gifted it to you on level 9 of the Dungeon)

   It renders you almost immune to negative energy.
   It affects your magic capacity (+9).
   It lets you blink.
   It causes draining when unequipped.
 A - a +0 helmet (worn)
Jewellery
 l - an uncursed ring of magical power
 u - a ring of protection from cold (right hand)
 w - a +3 ring of dexterity (left hand)
 F - an amulet of resist mutation (around neck)
 H - an uncursed ring of fire {unknown}
Magical devices
 p - a wand of slowing (15)
 x - a wand of digging (10)
 z - a wand of flame (38)
Scrolls
 h - 2 scrolls of remove curse
 q - 2 scrolls of enchant weapon
 s - 2 scrolls of magic mapping
 t - 2 scrolls of recharging
 y - 2 scrolls of fog
 D - a scroll of fear
 E - 2 scrolls of teleportation
Potions
 d - a potion of might
 i - 2 potions of ambrosia
 j - 4 potions of curing
 m - a potion of lignification
 n - a potion of flight
 o - 2 potions of magic {unknown}
 r - a potion of mutation {unknown}
 C - a potion of agility
Books
 B - a book of Transfigurations

   Spells                             Type                      Level
   a - Stoneskin                      Transmutation/Earth          2
   b - Irradiate                      Conjuration/Transmutation    5
   c - Statue Form                    Transmutation/Earth          6
   d - Hydra Form                     Transmutation                6
   e - Dragon Form                    Transmutation                7
 I - Vehumet's Grimoire of Attacks
   (You found it on level 8 of the Dungeon)

   Spells                             Type                      Level
   a - Magic Dart                     Conjuration                  1
 J - Kikubaaqudgha's Disquisition on Stolen Souls
   (You found it on level 8 of the Dungeon)

   Spells                             Type                      Level
   a - Pain                           Necromancy                   1
 K - Sif Muna's Catalogue of Beguiling
   (You found it on level 8 of the Dungeon)

   Spells                             Type                      Level
   a - Corona                         Hexes                        1
Comestibles
 e - 13 bread rations
 f - 8 meat rations
 v - 9 slices of pizza
 G - 2 fruits


   Skills:
 + Level 9.6 Fighting
 + Level 12.5 Axes
 + Level 5.9 Armour
 + Level 3.3 Dodging
 + Level 5.9 Shields
 + Level 8.8 Invocations


You had 9 spell levels left.
You didn't know any spells.

Dungeon Overview and Level Annotations

Branches:
Dungeon (9/15)             Temple (0/1) D:4             Orc (0/4) D:9
   Lair: D:8-11

Altars:
Ashenzari
Dithmenos
Elyvilon
Fedhas
Gozag
Kikubaaqudgha
Makhleb
Nemelex Xobeh
Okawaru
Qazlal
Ru
Sif Muna
Vehumet
Xom
Yredelemnul

Shops:
D:7 *


Innate Abilities, Weirdness & Mutations

You have large cloven feet.


Message History

You feel very mighty all of a sudden. The yak gores you! x2
The yak gores you. The yak gores you!
* * * LOW HITPOINT WARNING * * *
The yak gores you but does no damage.
You are too injured to fight recklessly!
You are too injured to fight recklessly!
Drink which item? (? for menu, Esc to quit)
Okay, then.
Evoke which item? (* to show all) (? for menu, Esc to quit)
Okay, then.
Use which ability?
You can now deal lightning-fast blows.
You feel somewhat more hungry. You block the yak's attack.
The yak barely misses you. The yak gores you!
* * * LOW HITPOINT WARNING * * *
The yak gores you!
* * * LOW HITPOINT WARNING * * *
The yak gores you.
You die...

......#.###...##.# #..........
......#.......##.#. #..........
......#..........'. #..........
...)..#..........# ..##..........
#######....).....##..############
####'#.......#..## ### .
#....#(......#...# ..#..
>.#....#....YYY#...# #.#..
.'....'(...Y@Y#...# #.#..
.#....#(..........# #####.#..
########'##(..####§§.## #.....###
...........(..###.§§§§###........
..........###.##§§..§§.##...#....
.....##...# #.#§§§§.§§§§#...#....
..........# #..§§§§§§§§§§...#....
..........###..§§..§...§§...#....
..............§§§§..§.§§.........


You could see 5 yaks.

Vanquished Creatures
  Pikel (D:6)
  A cyclops (D:8)
  Joseph (D:8)
  Grinder (D:5)
  Sigmund (D:6)
  A human (D:8)
  4 yaks (D:9)
  A hippogriff (D:7)
  Menkaure (D:7)
  A water moccasin (D:8)
  A wasp (D:8)
  4 orc warriors (D:9)
  2 black bears
  3 ice beasts
  4 ogres
  2 necrophages
  A centaur (D:9)
  A phantom (D:9)
  A big kobold (D:8)
  5 giant frogs
  6 scorpions
  4 crimson imps
  A giant frog zombie (D:7)
  4 orc priests
  2 giant frog skeletons
  A gnoll shaman (D:8)
  2 jellies
  2 iguanas
  6 worker ants
  3 hounds
  2 worker ant zombies
  Robin (D:4)
  14 adders
  12 gnolls
  3 shadow imps
  An ooze (D:3)
  A worm (D:4)
  16 giant geckos
  24 orcs
  2 ball pythons
  10 bats
  17 giant cockroaches
  15 goblins
  5 hobgoblins
  4 quokkas
  A giant gecko skeleton (D:8)
  17 giant newts
  7 jackals
  9 kobolds
  6 rats
235 creatures vanquished.

Notes
Turn   | Place    | Note
--------------------------------------------------------------
     0 | D:1      | Ijustatesigmund the Hill Orc Fighter began the quest for the Orb.
     0 | D:1      | Reached XP level 1. HP: 19/19 MP: 1/1
   175 | D:1      | Reached XP level 2. HP: 22/27 MP: 2/2
   372 | D:1      | Reached skill level 4 in Fighting
  1045 | D:2      | Reached XP level 3. HP: 22/33 MP: 3/3
  1566 | D:2      | Reached XP level 4. HP: 36/41 MP: 4/4
  2040 | D:3      | Reached skill level 5 in Axes
  2414 | D:3      | Reached XP level 5. HP: 47/47 MP: 5/5
  2475 | D:3      | Found a burning altar of Makhleb.
  2476 | D:3      | Found a shimmering altar of Xom.
  2479 | D:3      | Reached skill level 5 in Fighting
  2525 | D:3      | Reached skill level 6 in Axes
  2772 | D:3      | Found a shattered altar of Ashenzari.
  2776 | D:3      | Found a blossoming altar of Fedhas.
  2781 | D:3      | Found an iron altar of Okawaru.
  2790 | D:3      | Became a worshipper of Warmaster Okawaru
  2907 | D:4      | Noticed a necrophage
  2910 | D:4      | Noticed Robin
  2911 | D:4      | Noticed an ogre
  2925 | D:4      | Reached skill level 1 in Invocations
  3051 | D:4      | Found a glowing drain.
  3111 | Sewer    | Entered a sewer
  3295 | Sewer    | Reached XP level 6. HP: 39/55 MP: 7/7
  3782 | D:4      | Killed a necrophage
  3782 | D:4      | Reached skill level 7 in Axes
  3964 | D:4      | Found a staircase to the Ecumenical Temple.
  3985 | D:4      | Killed an ogre
  3985 | D:4      | Acquired Okawaru's first power
  3985 | D:4      | Reached XP level 7. HP: 58/61 MP: 9/9
  4060 | D:4      | Reached skill level 8 in Axes
  4076 | D:4      | Killed Robin
  4134 | D:4      | Noticed an ogre
  4142 | D:4      | Killed an ogre
  4435 | D:5      | Entered Level 5 of the Dungeon
  4481 | D:5      | Reached skill level 9 in Axes
  4481 | D:5      | Reached XP level 8. HP: 24/70 MP: 11/11
  4772 | D:5      | Noticed Grinder
  4790 | D:5      | Killed Grinder
  4814 | D:5      | Reached skill level 5 in Invocations
  5280 | D:5      | Got a transparent spear
  5281 | D:5      | Identified the cursed +0 spear of Crystal {venom, +Blink rPois} (You found it on level 5 of the Dungeon)
  5380 | D:6      | Reached skill level 10 in Axes
  5744 | D:6      | Found a sacrificial altar of Ru.
  5749 | D:6      | Noticed Sigmund
  5759 | D:6      | Killed Sigmund
  6027 | D:6      | Noticed Pikel
  6050 | D:6      | Killed Pikel
  6050 | D:6      | Reached skill level 11 in Axes
  6050 | D:6      | Reached XP level 9. HP: 42/80 MP: 13/13
  6421 | D:7      | Found Lyefom's General Store.
  6428 | D:7      | Bought a scroll of teleportation for 39 gold pieces
  6469 | D:7      | Found a sparkling altar of Nemelex Xobeh.
  6470 | D:7      | Found an opulent altar of Gozag.
  6503 | D:7      | Reached skill level 1 in Dodging
  6583 | D:7      | Noticed Menkaure
  6597 | D:7      | Killed Menkaure
  6694 | D:7      | Found a white marble altar of Elyvilon.
  7509 | D:8      | Gained mutation: You have large cloven feet. [potion of beneficial mutation]
  7784 | D:8      | Noticed Joseph
  7807 | D:8      | Killed Joseph
  7807 | D:8      | Reached XP level 10. HP: 58/90 MP: 15/15
  8017 | D:8      | Noticed a cyclops
  8025 | D:8      | Killed a cyclops
  8025 | D:8      | Reached skill level 12 in Axes
  8025 | D:8      | Reached skill level 5 in Armour
  8268 | D:8      | Reached skill level 5 in Shields
  8279 | D:8      | Found a basalt altar of Yredelemnul.
  8336 | D:8      | Acquired Okawaru's second power
  8376 | D:8      | Paralysed by a wasp for 1 turns
  8384 | D:8      | Paralysed by a wasp for 3 turns
  8750 | D:8      | Found an ancient bone altar of Kikubaaqudgha.
  8752 | D:8      | Found a radiant altar of Vehumet.
  8752 | D:8      | Found a deep blue altar of Sif Muna.
  8757 | D:8      | Identified Vehumet's Grimoire of Attacks
  8764 | D:8      | Identified Kikubaaqudgha's Disquisition on Stolen Souls
  8771 | D:8      | Identified Sif Muna's Catalogue of Beguiling
  9303 | D:9      | Found a staircase to the Orcish Mines.
  9409 | D:9      | Found a stormy altar of Qazlal.
  9780 | D:9      | Received a gift from Okawaru
  9783 | D:9      | Got a pair of encrusted gloves {god gift}
  9789 | D:9      | Identified the +0 pair of gloves "Bueceare" {*Drain +Blink rN+++ MP+9} (Okawaru gifted it to you on level 9 of the Dungeon)
  9980 | D:9      | Found a shadowy altar of Dithmenos.
 10032 | D:9      | HP: 1/92 [yak (10)]
 10032 | D:9      | Slain by a yak

Vault maps used:
D:1:      elethiomel_arrival_shortcut, serial_corexii_hall,
          corexii_hall_statues_i, corexii_hall_statues_i, corexii_hall_statues_u
D:3:      grunt_temple_overflow_champion_of_chaos,
          minmay_overflow_temple_star_quad
D:4:      temple_doors_d, gup_sewer_entry_pipe, uniq_robin
D:5:      first_bread, uniq_grinder
D:6:      nicolae_ru_path_of_blood, uniq_pikel, uniq_sigmund
D:7:      grunt_temple_overflow_opulence, serial_shops, shop, st_stairs_6,
          lemuel_tele_altar, uniq_menkaure
D:8:      grunt_temple_overflow_magic_moments, lemuel_coloured_pillars_altar,
          grunt_pizzeria, uniq_joseph
D:9:      nicolae_overflow_crystal_walls, david_orc_4,
          nicolae_dithmenos_the_darkroom
Sewer:    sewer_frog_island_01

Action                   |  1- 3 |  4- 6 |  7- 9 | 10-12 || total
-------------------------+-------+-------+-------+-------++-------
Melee: War axe           |   135 |   312 |   328 |   214 ||   989
Invok: Finesse           |       |       |       |     1 ||     1
  Use: Scroll            |     9 |     6 |     7 |     1 ||    23
       Potion            |       |     1 |     5 |     4 ||    10
 Stab: Invisible         |       |       |     2 |       ||     2
  Eat: Chunk             |     2 |     8 |    11 |     5 ||    26
       Beef jerky        |       |     1 |       |       ||     1
       Pizza             |       |       |     1 |       ||     1
       Fruit             |       |       |       |     3 ||     3
